 Dungeon Crawl Stone Soup version 0.26.1-11-gd32895ea62 (webtiles) character file.

Game seed: 8824229249202626226

9 tizbic2 the Slasher (level 2, 0/18 HPs)
             Began as a Gargoyle Wanderer on June 26, 2021.
             Slain by a leopard gecko (2 damage)
             ... on level 1 of the Dungeon.
             The game lasted 00:01:13 (134 turns).

tizbic2 the Slasher (Gargoyle Wanderer)              Turns: 134, Time: 00:01:13

Health: 0/18       AC:  4    Str: 13    XL:     2   Next: 16%
Magic:  2/2        EV: 12    Int: 12    God:
Gold:   14         SH:  0    Dex: 11    Spells: 1/1 levels left

rFire    . . .     SeeInvis .   a - +0 short sword
rCold    . . .     Faith    .   (no shield)
rNeg     + . .     Spirit   .   d - +0 robe
rPois    ∞         Reflect  .   (no helmet)
rElec    +         Harm     .   (no cloak)
rCorr    .         Rampage  .   (no gloves)
Will     .....                  (no boots)
Stlth    +.........             (no amulet)
HPRegen  0.06/turn              (no ring)
MPRegen  0.08/turn              (no ring)

@: no status effects
A: negative energy resistance 1, electricity resistance, unbreathing,
petrification resistance, miasma immunity, AC +2
a: no special abilities


You were on level 1 of the Dungeon.
You visited 1 branch of the dungeon, and saw 1 of its levels.

You collected 14 gold pieces.

Inventory:

Hand Weapons
 a - a +0 short sword (weapon)
Armour
 d - a +0 robe (worn)
Wands
 b - a wand of flame (15) (quivered)
Potions
 c - a potion of curing


   Skills:
 * Level 2.4 Fighting
 * Level 3.0 Long Blades
 + Level 1.0 Throwing
 * Level 1.1 Dodging
 - Level 1.1 Stealth
 + Level 1.1 Unarmed Combat
 + Level 1.0 Evocations


You had one spell level left.
You didn't know any spells.
Your spell library was empty.

Dungeon Overview and Level Annotations

Branches:
Dungeon (1/15)

Altars:


Innate Abilities, Weirdness & Mutations

You are resistant to torment.
Your stone body is resilient. (AC +2)
You are immune to poison.
You resist negative energy. (rN+)
You are resistant to electric shocks. (rElec)
You can survive without breathing.
You are immune to petrification.
You are immune to miasma.


Message History

The bat barely misses you.
You completely miss the bat. The bat hits you but does no damage.
The bat misses you.
You hit the leopard gecko but do no damage.
The leopard gecko bites you.
* * * LOW HITPOINT WARNING * * *
The bat hits you but does no damage. The leopard gecko barely misses you.
You hit the bat.
You kill the bat!
The leopard gecko barely misses you.
The dart slug bites you but does no damage.
You barely miss the leopard gecko. The leopard gecko barely misses you.
The leopard gecko bites you but does no damage.
The leopard gecko barely misses you.
You see here a ball python corpse.
The leopard gecko barely misses you.
You hit the leopard gecko.
The leopard gecko is lightly wounded.
The leopard gecko bites you.
You die...

#..##..##.##.## ##.# .#...
)..)##.##.###.###..##...#
..!..#.#...............###
.)?.b..#..##.w.#..........
....#.##..##......)..###..
#..##...........##†..#
..## ....#.#######...# #.#
#. ..#...#...#####...###.#
. ..#####....@l.......#
##. #...######..###.## #
#..##...## #..#.....#
#........##.#
#...†.......#
#####...##### ##.## #.#


You could see a leopard gecko.

Vanquished Creatures
  A ball python (D:1)
  A bat (D:1)
  A giant cockroach (D:1)
  3 hobgoblins (D:1)
  A goblin (D:1)
  A rat (D:1)
8 creatures vanquished.

Notes
Turn   | Place    | Note
-------+----------+-------------------------------------------
     0 | D:1      | tizbic2 the Gargoyle Wanderer began the quest for the Orb.
     0 | D:1      | tizbic2 set off with the following items: a +0 short sword,
                  | a wand of flame (15), a potion of curing, a +0 robe
     0 | D:1      | Reached XP level 1. HP: 12/12 MP: 1/1
   100 | D:1      | Reached skill level 3 in Long Blades
   100 | D:1      | Reached XP level 2. HP: 9/17 MP: 2/2
   134 | D:1      | Slain by a leopard gecko

Illustrated notes

Levels and vault maps discovered:
D:1:      dpeg_arrival_simpleton_b, layout_loops_ring, minmay_pentomino_w4

Skill      XL: |  1 |
---------------+----+-----
Long Blades    | 3 |  3.0
Fighting       | |  2.4
Throwing       | |  1.0
Dodging        | |  1.1
Stealth        | |  1.1
Unarmed Combat | |  1.1
Evocations     | |  1.0

Action                   || total
-------------------------++-------
Melee: Short sword       ||    38
Armor: Robe              ||    20
Dodge: Dodged            ||    39
